 Dungeon Crawl Stone Soup version 0.23.2-1-ga50397a6bc (webtiles) character file.

Game seed: 10151809163159248224

570022 Dotsi the Slayer (level 26, -2/312 HPs)
             Began as an Ogre Wizard on May 3, 2019.
             Was a High Priest of Sif Muna.
             Killed from afar by a white draconian stormcaller (23 damage)
             ... on level 5 of the Realm of Zot on May 5, 2019.
             The game lasted 06:49:48 (133023 turns).

Dotsi the Slayer (Ogre Wizard)                    Turns: 133023, Time: 06:49:49

Health: -2/312     AC: 18    Str: 17 (18) XL:     26   Next: 93%
Magic:  31/63      EV:  8    Int: 33      God:    Sif Muna [*****.]
Gold:   1245       SH:  0    Dex:  7      Spells: 8/67 levels left

rFire    + + .     SeeInvis +   e - staff of power
rCold    + . .     Gourm    .   s - +8 large shield
rNeg     + + .     Faith    .   Z - +8 faerie dragon scales {rCorr Slay+2}
rPois    .         Spirit   .   y - +0 hat
rElec    +         Reflect  .   B - +2 cloak
rCorr    +         Harm     .   (gloves unavailable)
MR       +++..                  (boots unavailable)
Stlth    +.........             v - amulet "Ufrorerche" {Fragile +Rage rN++ MR+ Int+4}
HPRegen  0.62/turn              V - +5 ring of intelligence
MPRegen  0.38/turn              u - ring of Greed {rElec rF++ rC+ Int-3 SInv}

@: about to teleport, marked, held, divine energy
A: large, unfitting armour, repulsion field 1, deformed body, deterioration 1,
electricity resistance, tough skin 1
}: 3/15 runes: decaying, serpentine, silver
a: Stop Divine Energy, Channel Magic, Forget Spell, Renounce Religion, Evoke
Berserk Rage


You were on level 5 of the Realm of Zot.
You worshipped Sif Muna.
Sif Muna was extremely pleased with you.
You were full.

You visited 11 branches of the dungeon, and saw 53 of its levels.
You visited the Abyss 1 time.
You also visited: Ice Cave.

You collected 7250 gold pieces.
You spent 6005 gold pieces at shops.

Inventory:

Missiles
 S - 144 large rocks (quivered)
 T - 3 throwing nets
Armour
 s - a +8 large shield (worn)
 y - a +0 hat (worn)
 B - a +2 cloak (worn)
 Z - the +8 faerie dragon scales (worn) {rCorr Slay+2}
   (You took it off the Enchantress on level 3 of the Depths)

   It affects your accuracy and damage with ranged weapons and melee attacks
   (+2).
   It provides partial protection from all sources of acid and corrosion.
Magical Staves
 e - an uncursed staff of power (weapon)
Jewellery
 l - the amulet "Githatho" {Reflect +Fly MP+9 Str-4 Dex+8 SH+4}
   (You took it off a hell knight on level 3 of the Depths)

   [amulet of reflection]

   It shields you and reflects attacks.
   It affects your strength (-4).
   It affects your dexterity (+8).
   It affects your magic capacity (+9).
   It lets you fly.
   It affects your SH (+4).
 u - the ring of Greed (right hand) {rElec rF++ rC+ Int-3 SInv}
   (You found it on level 4 of the Vaults)

   [ring of protection from cold]

   It affects your intelligence (-3).
   It greatly protects you from fire.
   It protects you from cold.
   It insulates you from electricity.
   It lets you see invisible.
 v - the amulet "Ufrorerche" (around neck) {Fragile +Rage rN++ MR+ Int+4}
   (You took it off a deep elf death mage on level 3 of the Elven Halls)

   [amulet of rage]

   It affects your intelligence (+4).
   It greatly protects you from negative energy.
   It affects your resistance to hostile enchantments.
   It lets you go berserk.
   It will be destroyed if unequipped.
 x - an uncursed ring of poison resistance
 J - an uncursed ring of protection from magic
 K - an uncursed ring of protection from fire
 V - a +5 ring of intelligence (left hand)
Wands
 j - a wand of digging (8)
 D - a wand of clouds (24)
 I - a wand of acid (49)
 Q - a wand of iceblast (40)
 X - a wand of scattershot (8)
Scrolls
 a - a scroll of amnesia
 c - a scroll of summoning
 m - 2 scrolls of blinking
 n - 10 scrolls of teleportation
 p - 28 scrolls of identify
 w - 2 scrolls of silence
 C - 4 scrolls of holy word
 E - 24 scrolls of remove curse
 H - 6 scrolls of fog
 M - a scroll of magic mapping
 W - 2 scrolls of fear
Potions
 b - 10 potions of might
 g - 5 potions of invisibility
 k - a potion of berserk rage
 o - 4 potions of cancellation
 q - 6 potions of flight
 r - 6 potions of agility
 z - 3 potions of brilliance
 A - a potion of haste
 F - 5 potions of magic
 O - a potion of resistance
 P - 5 potions of mutation
 R - 15 potions of curing
 U - 3 potions of ambrosia
Miscellaneous
 f - a lamp of fire
 h - a lightning rod (4/4)
 G - 2 phantom mirrors
 N - 4 sacks of spiders
Comestibles
 d - 50 rations


   Skills:
 + Level 26.6 Fighting
   Level 1.9(2.0) Axes
   Level 0.5(1.2) Maces & Flails
 - Level 12.3 Armour
 - Level 10.0 Dodging
 - Level 1.4 Stealth
 - Level 15.0 Shields
 - Level 21.0 Spellcasting
 - Level 19.0 Conjurations
 - Level 8.0 Summonings
 - Level 5.0 Necromancy
 - Level 2.1 Translocations
 - Level 3.0 Transmutations
 - Level 2.0 Fire Magic
 - Level 5.0 Ice Magic
 - Level 5.0 Air Magic
 - Level 7.0 Poison Magic
 - Level 15.0 Invocations
 - Level 4.1 Evocations


You had 8 spell levels left.
You knew the following spells:

 Your Spells              Type           Power        Failure   Level  Hunger
a - Orb of Destruction    Conj           ########..   1%          7    #......
b - Poison Arrow          Conj/Pois      #######...   1%          6    None
c - Blink                 Tloc           N/A          1%          2    None
d - Freezing Cloud        Conj/Ice/Air   #######...   3%          6    None
e - Passwall              Tmut/Erth      #####...     1%          2    None
f - Summon Lightning Spi  Summ/Air       ######..     1%          4    None
g - Bolt of Draining      Conj/Necr      #######...   1%          5    None
h - Mephitic Cloud        Conj/Pois/Air  #######.     1%          3    None
i - Iskenderun's Mystic   Conj           ########     0%          4    None
j - Regeneration          Chrm/Necr      ######....   1%          3    None
k - Summon Butterflies    Summ           ######..     1%          1    None
l - Spellforged Servitor  Conj/Summ      #######...   3%          7    #......
m - Sticky Flame          Conj/Fire      #######.     1%          4    None
n - Aura of Abjuration    Summ           ######....   1%          5    None

Your spell library contained the following spells:

 Spells                   Type           Power        Failure   Level  Hunger
 Flame Tongue             Conj/Fire      #####        0%          1    None
 Magic Dart               Conj           ####         0%          1    None
 Shock                    Conj/Air       ####         0%          1    None
 Sting                    Conj/Pois      ####         0%          1    None
 Searing Ray              Conj           ######       0%          2    None
 Throw Frost              Conj/Ice       ######       0%          2    None
 Confusing Touch          Hex            ####..       1%          1    None
 Corona                   Hex            ####...      1%          1    None
 Freeze                   Ice            ####         1%          1    None
 Infusion                 Chrm           ####         1%          1    None
 Sandblast                Erth           ####..       1%          1    None
 Summon Small Mammal      Summ           ####         1%          1    None
 Call Imp                 Summ           ######..     1%          2    None
 Ensorcelled Hibernation  Hex/Ice        ######       1%          2    None
 Poisonous Vapours        Pois/Air       ######       1%          2    None
 Shroud of Golubria       Chrm/Tloc      #####.....   1%          2    None
 Slow                     Hex            ####....     1%          2    None
 Song of Slaying          Chrm           ####....     1%          2    None
 Sublimation of Blood     Necr           ######....   1%          2    None
 Swiftness                Chrm/Air       ######..     1%          2    None
 Throw Flame              Conj/Fire      ######       1%          2    None
 Call Canine Familiar     Summ           ######..     1%          3    None
 Conjure Flame            Conj/Fire      #######.     1%          3    None
 Dazzling Spray           Conj/Hex       ######       1%          3    None
 Gell's Gravitas          Tloc           #####.....   1%          3    None
 Ignite Poison            Fire/Tmut/Pois ######..     1%          3    None
 Ozocubu's Armour         Chrm/Ice       ######..     1%          3    None
 Recall                   Summ/Tloc      N/A          1%          3    None
 Spider Form              Tmut/Pois      ######....   1%          3    None
 Static Discharge         Conj/Air       #######.     1%          3    None
 Stone Arrow              Conj/Erth      ######       1%          3    None
 Summon Guardian Golem    Hex/Summ       ######..     1%          3    None
 Vampiric Draining        Necr           ######....   1%          3    None
 Airstrike                Air            ######....   1%          4    None
 Animate Dead             Necr           N/A          1%          4    None
 Force Lance              Conj/Tloc      #######.     1%          4    None
 Fulminant Prism          Conj/Hex       #######...   1%          4    None
 Olgreb's Toxic Radiance  Pois           ######..     1%          4    None
 Summon Ice Beast         Ice/Summ       ######..     1%          4    None
 Throw Icicle             Conj/Ice       #######.     1%          4    None
 Bolt of Magma            Conj/Fire/Erth ######....   1%          5    None
 Fireball                 Conj/Fire      #######...   1%          5    None
 Irradiate                Conj/Tmut      #######...   1%          5    None
 Iskenderun's Battlesphe  Conj/Chrm      #######.     1%          5    None
 Lightning Bolt           Conj/Air       #######...   1%          5    None
 Summon Demon             Summ           ######....   1%          5    None
 Venom Bolt               Conj/Pois      #######...   1%          5    None
 Bolt of Cold             Conj/Ice       #######...   1%          6    None
 Conjure Ball Lightning   Conj/Air       #######...   1%          6    None
 Inner Flame              Hex/Fire       #####...     2%          3    None
 Portal Projectile        Hex/Tloc       #####.       2%          3    None
 Ice Form                 Ice/Tmut       ######..     2%          4    None
 Bolt of Fire             Conj/Fire      #######...   2%          6    None
 Confuse                  Hex            ####....     3%          3    None
 Spectral Weapon          Hex/Chrm       ####....     3%          3    None
 Tukima's Dance           Hex            ####....     3%          3    None
 Iron Shot                Conj/Erth      #######...   3%          6    None
 Passage of Golubria      Tloc           N/A          4%          4    None
 Alistair's Intoxication  Tmut/Pois      ######..     4%          5    None
 Summon Forest            Summ/Tloc      ######....   4%          5    None
 Petrify                  Tmut/Erth      #####...     6%          4    None
 Summon Mana Viper        Hex/Summ       ######..     6%          5    None
 Shadow Creatures         Summ           N/A          6%          6    None
 Blade Hands              Tmut           ######....   9%          5    None
 Cause Fear               Hex            ####......   11%         4    None
 Leda's Liquefaction      Hex/Erth       ####......   11%         4    None
 Borgnjor's Vile Clutch   Necr/Erth      ######....   11%         5    None
 Excruciating Wounds      Chrm/Necr      ######....   11%         5    None
 Metabolic Englaciation   Hex/Ice        ######....   11%         5    None
 Silence                  Hex/Air        ######....   11%         5    None
 Yara's Violent Unravell  Hex/Tmut       #####.....   17%         5    None
 Death Channel            Necr           ######....   22%         6    None
 Ozocubu's Refrigeration  Ice            ######....   22%         6    None
 Simulacrum               Ice/Necr       ######....   22%         6    None
 Lee's Rapid Deconstruct  Erth           ####......   30%         5    None
 Monstrous Menagerie      Summ           ######....   34%         7    #......
 Summon Greater Demon     Summ           ######....   34%         7    #......
 Summon Hydra             Summ           ######....   34%         7    #......
 Chain Lightning          Conj/Air       #######...   47%         8    ####...
 Deflect Missiles         Chrm/Air       ######....   52%         6    None
 Haunt                    Necr/Summ      ######....   54%         7    #......
 Dispersal                Tloc           #####.....   58%         6    None
 Malign Gateway           Summ/Tloc      ######....   77%         7    #......
 Lehudib's Crystal Spear  Conj/Erth      #######...   83%         8    ####...
 Darkness                 Hex            ####......   86%         6    None
 Invisibility             Hex            ####....     86%         6    None
 Summon Horrible Things   Summ           ######....   95%         8    ####...
 Ring of Flames           Chrm/Fire      #####.....   99%         7    #......
 Controlled Blink         Tloc           N/A          100%        8    ####...
 Discord                  Hex            ####......   100%        8    ####...
 Ignition                 Fire           #####.....   100%        8    ####...
 Dragon's Call            Summ           ######....   100%        9    ######.
 Fire Storm               Conj/Fire      #######...   100%        9    ######.
 Glaciate                 Conj/Ice       #######...   100%        9    ######.
 Tornado                  Air            ######....   100%        9    ######.


Dungeon Overview and Level Annotations

Branches:
Dungeon (15/15)            Temple (1/1) D:6            Lair (6/6) D:10
  Swamp (4/4) Lair:2        Snake (4/4) Lair:4        Slime (3/5) Lair:6
    Orc (2/2) D:9             Elf (3/3) Orc:2        Vaults (5/5) D:14
  Crypt (0/3) Vaults:3     Depths (5/5) D:15            Zot (5/5) Depths:5

Altars:
Ashenzari
Cheibriados
Dithmenos
Elyvilon
Fedhas
Gozag
Hepliaklqana
Kikubaaqudgha
Makhleb
Nemelex Xobeh
Okawaru
Qazlal
Ru
Sif Muna
Trog
Uskayaw
Vehumet
Wu Jian
Xom
Yredelemnul
Zin
The Shining One
Beogh
Lugonu

Shops:
D:6 *   D:9 }   D:14 *   D:15 }???   Orc:2 (=*(   Elf:2 %(   Snake:1 !(%(
Snake:2 *   Vaults:1 (   Vaults:5 :   Depths:4 *:[:

Portals:
Hell: Depths:1 Depths:3 Depths:4 Depths:5
Abyss: Depths:4 Depths:5
Pandemonium: Depths:3 Depths:5
Ziggurat: Depths:4

Annotations:
Elf:1 2 runed translucent doors, Amplified's ghost, journeyman GrIE
Elf:3 1 runed translucent door, Gargoyl's ghost, adept CeAK
Depths:2 1 runed translucent door
Zot:1 2 transporters
Zot:5 exclusion: obsidian statue


Innate Abilities, Weirdness & Mutations

You are too large for most types of armour.
You have tough skin. (AC +1)
You are surrounded by a mild repulsion field. (EV +2)
Armour fits poorly on your strangely shaped body.
Your body sometimes deteriorates upon taking damage.
You are resistant to electric shocks. (rElec)


Message History

The electric golem shocks you. You resist.
* * * LOW HITPOINT WARNING * * *
The electric golem hits you but does no damage.
The electric golem completely misses you.
You block the sixfirhy's attack.
An orb of fire comes into view.
Unknown command.
Unknown command.
Unknown command.
Casting: Blink (safe; 1% risk of failure)
Confirm with . or Enter, or press ? or * to list all spells.
You blink.
The electric golem hurls lightning at you.
The bolt of lightning hits you! You resist.
* * * LOW HITPOINT WARNING * * *
Your death cob misses the sixfirhy.
The Orb Guardian drops a net on you. A large net falls onto you!
You become entangled in the net!
The white draconian stormcaller mumbles some strange prayers to Qazlal against you.
The blast of ice hits you!! You partially resist.
You die...

##### # ****############
# ##.............^## #
##......^.$.......##
##^.................##
#.^..................#
#.........^....^^....#
#........dqd.........#
#.....dqLd....@.X....# #
#...q..*.q..X........#
###...dd.qqL.d.........#
.###..X..q.q.*z38.....##
...##...d..dk..DX....##
#.L.^...k...........##
#▓▓▓▓▓▓▓▓▓▓▓##d.LX8▓▓
****........y4*.4..▓▓
**,,,................▓▓


You could see 3 orbs of fire, an electric golem, 2 draconians, 3 ancient liches,
a storm dragon, a black draconian, 2 draconians, a green draconian, a purple
draconian, a white draconian, a black draconian shifter, a white draconian
stormcaller, 3 Orb Guardians, 3 draconians, an obsidian statue, a moth of wrath,
an ice devil, a sixfirhy, a rime drake, a chaos spawn, a friendly tentacled
monstrosity and a friendly death cob.

Vanquished Creatures
  A juggernaut (Depths:4)
  2 Killer Klowns
  Margery (Vaults:3)
  A caustic shrike (shapeshifter) (Vaults:1)
  A curse toe (Zot:4)
  8 golden dragons
  the Enchantress (Depths:3)
  A lich (Depths:3)
  18 tentacled monstrosities
  An electric golem (Zot:4)
  7 Orb Guardians (Zot:5)
  A deep elf blademaster (Elf:3)
  Asterion (D:14)
  2 deep elf master archers (Elf:3)
  4 titans
  3 quicksilver dragons
  4 death cobs
  2 sphinxes
  8 acid blobs
  A thorn hunter (Swamp:1)
  7 tengu reavers
  5 shadow dragons
  6 draconian monks
  12 storm dragons
  Donald (Orc:2)
  An azure jelly (Slime:1)
  6 nagarajas
  Frances (D:14)
  6 fire giants
  4 frost giants
  7 draconian knights
  10 vault wardens
  Aizul (Snake:4)
  7 draconian scorchers
  6 deep elf sorcerers
  A ghost moth (Zot:4)
  4 deep elf elementalists (Elf:3)
  6 draconian annihilators
  3 war gargoyles (Vaults:5)
  7 draconian stormcallers
  4 draconian shifters
  3 spriggan defenders
  7 ironheart preservers
  11 very ugly things
  15 stone giants
  An entropy weaver (Vaults:2)
  Azrael (Elf:2)
  4 deep elf demonologists
  A vampire knight (Depths:1)
  Nessos (Lair:4)
  21 yellow draconians
  8 deep elf annihilators
  11 green draconians
  A spark wasp (Depths:1)
  4 purple draconians
  6 black draconians
  13 red draconians
  A pale draconian (Depths:5)
  8 white draconians
  The ghost of brim the Blocker, a journeyman DDFi of Makhleb (Orc:1)
  10 fire dragons
  7 deep elf death magi
  A merfolk javelineer (Depths:2)
  Josephine (Orc:2)
  2 green deaths (Swamp:4)
  8 ettins
  9 yaktaur captains
  A death ooze (Swamp:4)
  2 merfolk impalers (Depths:2)
  Fannar (Orc:1)
  9 great orbs of eyes
  27 vault guards
  6 deep elf high priests
  A ghost crab (Swamp:2)
  16 hydras
  2 naga warriors
  5 rakshasas
  A hell beast (Swamp:4)
  An anaconda (Snake:2)
  10 ice dragons
  4 spriggan air magi
  11 centaur warriors
  25 two-headed ogres
  28 dancing weapons
  3 deep troll shamans
  5 deep troll earth magi
  The ghost of Banto the Spear-Bearer, a novice DgWn (D:10)
  2 tengu warriors
  6 alligators
  3 thrashing horrors (Swamp:4)
  19 spriggans
  10 ogre magi
  A vampire mage (Depths:3)
  A spriggan berserker (Depths:4)
  4 orc high priests (Orc:2)
  The ghost of u8823 the Martial Artist, a novice OpBe of Trog (D:9)
  Urug (Lair:1)
  8 naga sharpshooters
  4 hell knights
  14 deep elf knights
  3 shock serpents
  A wretched star (Abyss:2)
  Sonja (D:11)
  3 salamander mystics
  2 shadow wraiths
  14 deep trolls
  5 unseen horrors
  2 glowing orange brains (shapeshifter)
  2 flayed ghosts
  2 spriggan druids
  2 wizards
  12 deep elf archers
  6 swamp dragons
  10 ironbrand convokers
  A glowing orange brain (Depths:3)
  4 necromancers
  12 orc knights
  8 harpies
  An obsidian statue (D:13)
  37 ugly things
  3 orc sorcerers
  4 wolf spiders
  9 cyclopes
  37 deep elf magi
  2 mana vipers
  11 salamanders
  A manticore (shapeshifter) (Vaults:1)
  2 manticores
  8 oklob plants
  A sphinx skeleton (Vaults:2)
  22 moths of wrath
  3 elephants (Lair:5)
  A torpor snail (Lair:3)
  A large abomination (Elf:1)
  8 vault sentinels
  A black mamba (shapeshifter) (Vaults:1)
  15 naga magi
  16 black mambas
  4 gargoyles
  A smoke demon (Depths:5)
  An orange demon (Swamp:4)
  An eye of devastation (Slime:1)
  5 spiny frogs
  A human zombie (Vaults:2)
  A rime drake (shapeshifter) (Vaults:4)
  48 yaktaurs
  2 kobold demonologists (D:10)
  5 rime drakes
  5 komodo dragons
  3 hellwings (Depths:5)
  3 freezing wraiths
  A tengu conjurer (Depths:3)
  A jumping spider (Vaults:2)
  2 polar bears (Lair:6)
  8 trolls
  A polar bear (shapeshifter) (Depths:1)
  16 hornets
  A queen bee (Depths:2)
  A raiju (shapeshifter) (Vaults:1)
  2 tyrant leeches
  A wind drake (shapeshifter) (Vaults:5)
  A blink frog (shapeshifter) (Vaults:5)
  6 bog bodies
  2 blink frogs (Lair:4)
  2 dream sheep (Lair:6)
  44 slime creatures
  3 hippogriffs
  2 air elementals (Elf:1)
  A redback (shapeshifter) (Vaults:5)
  3 shadows
  2 vampires
  2 wraiths
  13 water elementals
  2 basilisks
  A tarantella (Vaults:2)
  29 yaks
  2 fire elementals
  3 wyverns
  3 steam dragons (Depths:5)
  A basilisk (shapeshifter) (Depths:1)
  6 golden eyes
  17 vampire mosquitoes
  2 hungry ghosts
  3 insubstantial wisps (Swamp:1)
  A warg (D:9)
  5 swamp worms
  14 nagas
  A small abomination (Swamp:4)
  5 hydra simulacra (Depths:4)
  4 water moccasins
  A soldier ant (D:14)
  5 acid dragons
  2 porcupines
  27 orc warriors
  7 swamp drakes
  An eye of draining (Slime:1)
  A sky beast (shapeshifter) (Vaults:5)
  2 ice beasts
  2 sky beasts (D:13)
  2 black bears (Lair:6)
  A black bear (shapeshifter) (Vaults:5)
  4 necrophages
  34 ogres
  2 phantoms
  18 boggarts
  4 wolves (Lair:6)
  16 centaurs
  3 eyes of draining (shapeshifter)
  2 elf zombies (Elf:1)
  10 crocodiles
  7 big kobolds (D:10)
  10 bullfrogs
  An earth elemental (Elf:2)
  2 scorpions
  24 killer bees
  7 wights
  2 electric eels
  2 crimson imps
  2 howler monkeys
  A bullfrog zombie (D:11)
  4 centaur zombies
  5 lava snakes (Snake:1)
  4 hounds
  19 orc wizards
  2 quasits
  A gnoll shaman (D:7)
  30 jellies
  20 orc priests
  A bullfrog skeleton (D:11)
  3 iron imps
  3 centaur skeletons
  3 iguanas
  4 worker ants
  3 hound zombies
  11 adders
  8 gnolls
  A howler monkey skeleton (D:4)
  4 oozes
  3 orc simulacra (Orc:1)
  2 adder skeletons
  An adder zombie (D:6)
  A worm (D:3)
  A dart slug (D:4)
  4 leopard geckos
  74 orcs
  4 bats
  3 giant cockroaches
  3 goblins
  8 hobgoblins
  15 jackals
  7 kobolds
  3 quokkas
  4 ball pythons
  6 frilled lizards
  A leopard gecko skeleton (D:5)
  9 rats
  2 spectral orcs
  A crawling corpse (Vaults:5)
  A fungus (Lair:4)
  2 plants
1612 creatures vanquished.

Vanquished Creatures (collateral kills)
  Vashnia (Snake:2)
  A deep elf blademaster (Elf:3)
  A tentacled monstrosity (Vaults:5)
  A titan (Vaults:5)
  An acid blob (Lair:6)
  A sphinx (shapeshifter) (Vaults:5)
  Agnes (D:15)
  8 nagarajas
  2 frost giants (Depths:5)
  3 fire giants
  5 deep elf sorcerers
  5 vault wardens
  A very ugly thing (Swamp:4)
  2 draconian stormcallers
  2 spriggan defenders (Depths:3)
  8 ironheart preservers
  2 green draconians (Zot:3)
  5 stone giants
  2 white draconians
  A deep elf demonologist (Depths:5)
  3 deep elf annihilators
  A pale draconian (Depths:5)
  4 black draconians
  3 yellow draconians
  A red draconian (Zot:3)
  A purple draconian (Zot:2)
  4 ettins
  Snorg (Orc:1)
  5 deep elf death magi
  5 yaktaur captains
  2 great orbs of eyes
  2 fire dragons (Depths:2)
  A deep elf high priest (Elf:3)
  3 ice dragons
  5 vault guards
  9 hydras
  4 spriggan air magi
  A hell beast (Swamp:4)
  4 anacondas
  4 shambling mangroves
  6 naga warriors
  25 two-headed ogres
  2 death yaks
  2 centaur warriors
  A dancing weapon (Elf:2)
  9 alligators
  8 ogre magi
  2 deep troll shamans
  6 deep troll earth magi
  A death knight (Vaults:3)
  An orc high priest (Orc:2)
  11 deep elf knights
  9 naga sharpshooters
  An iron troll (Depths:3)
  5 hell knights
  12 deep trolls
  3 wizards (D:15)
  3 naga ritualists
  7 deep elf archers
  A swamp dragon (Swamp:4)
  An ironbrand convoker (Vaults:5)
  A harpy (shapeshifter) (Vaults:5)
  4 necromancers
  10 orc knights
  A mana viper (Snake:3)
  3 oklob plants (Lair:6)
  A tengu skeleton (Vaults:2)
  A wolf spider (Vaults:1)
  2 salamanders
  20 deep elf magi
  A manticore (D:14)
  3 ugly things
  3 cyclopes
  2 elephants (Lair:5)
  A guardian serpent (Snake:4)
  A black mamba (shapeshifter) (Vaults:5)
  A centaur zombie (D:15)
  2 centaur skeletons
  2 vault sentinels
  9 black mambas
  2 gargoyles
  16 naga magi
  An orange demon (Swamp:4)
  7 spiny frogs
  A torpor snail (Lair:6)
  A rime drake (Lair:3)
  20 yaktaurs
  A rime drake (shapeshifter) (Depths:4)
  An ice devil (Depths:1)
  A troll (shapeshifter) (Vaults:2)
  4 tyrant leeches
  3 polar bears (Lair:6)
  3 trolls
  2 hornets
  6 bog bodies
  29 slime creatures
  2 hippogriffs
  3 blink frogs (Lair:4)
  2 large abominations (Elf:1)
  6 dream sheep (Lair:6)
  A shadow (Swamp:4)
  A centaur simulacrum (D:15)
  A redback (Vaults:2)
  11 spriggans
  A wyvern (D:11)
  A water elemental (Depths:4)
  3 wraiths
  A wyvern (shapeshifter) (Elf:1)
  2 fire elementals (Depths:4)
  18 yaks
  2 basilisks
  A hungry ghost (D:15)
  9 vampire mosquitoes
  24 nagas
  A warg (Orc:1)
  6 swamp worms
  4 hell hounds (Elf:2)
  2 acid dragons
  11 water moccasins
  2 hydra simulacra (Depths:4)
  5 porcupines
  4 swamp drakes
  25 orc warriors
  2 necrophages (D:12)
  A sky beast (D:7)
  An ice beast (D:13)
  A hornet zombie (D:10)
  2 eyes of draining
  16 ogres
  A black bear (Lair:6)
  17 wolves
  3 boggarts
  4 phantoms
  4 centaurs
  13 crocodiles
  2 big kobolds (D:10)
  4 elf zombies (Elf:1)
  8 bullfrogs
  A wyvern zombie (D:14)
  A small abomination (Swamp:4)
  4 scorpions
  5 killer bees
  A spectral ogre (Orc:1)
  2 wights
  A howler monkey (D:14)
  6 crimson imps
  A lava snake (Snake:1)
  A bullfrog zombie (D:13)
  A quasit (D:12)
  A jelly (D:7)
  2 bullfrog skeletons
  5 hounds
  15 orc priests
  An iron imp (D:9)
  6 orc wizards
  4 iguanas
  4 worker ants
  A hound zombie (D:9)
  5 gnolls
  6 adders
  3 shadow imps
  An ooze (D:4)
  3 orc simulacra (Orc:1)
  An adder skeleton (D:6)
  3 worms
  A leopard gecko (D:2)
  63 orcs
  A bat (D:14)
  A giant cockroach (D:7)
  2 hobgoblins
  7 jackals
  A quokka (D:9)
  A crawling corpse (Vaults:5)
  2 plants (Lair:6)
790 creatures vanquished.

Vanquished Creatures (others)
  A death cob (Zot:1)
  A fire giant (Depths:5)
  A stone giant (Vaults:5)
  A yaktaur captain (Vaults:5)
  A vault guard (Vaults:5)
  A deep elf knight (Elf:2)
  An unseen horror (D:13)
  A deep elf mage (Vaults:2)
  4 yaktaurs
  A golden eye (shapeshifter) (Depths:3)
  28 fungi
  33 plants
  A withered plant (D:12)
75 creatures vanquished.

Grand Total: 2477 creatures vanquished

Notes
Turn   | Place    | Note
-------+----------+-------------------------------------------
     0 | D:1      | Dotsi the Ogre Wizard began the quest for the Orb.
     0 | D:1      | Reached XP level 1. HP: 16/16 MP: 5/5
   123 | D:1      | Reached skill level 1 in Conjurations
   268 | D:1      | Reached XP level 2. HP: 26/26 MP: 0/6
   310 | D:1      | Reached skill level 1 in Fighting
  1487 | D:2      | Reached XP level 3. HP: 33/33 MP: 5/8
  1904 | D:2      | Learned a level 2 spell: Call Imp
  1907 | D:2      | Learned a level 2 spell: Blink
  2191 | D:1      | Reached skill level 1 in Summonings
  2260 | D:2      | Noticed a scorpion
  2595 | D:2      | Reached skill level 2 in Fighting
  2737 | D:2      | Reached XP level 4. HP: 38/42 MP: 6/10
  3229 | D:2      | Found a bloodstained altar of Trog.
  3229 | D:2      | Found a white marble altar of Elyvilon.
  3698 | D:3      | Reached XP level 5. HP: 46/50 MP: 3/11
  5272 | D:4      | Reached skill level 3 in Fighting
  5428 | D:4      | Found a stormy altar of Qazlal.
  5645 | D:4      | Reached XP level 6. HP: 60/61 MP: 4/12
  5791 | D:4      | Learned a level 3 spell: Conjure Flame
  6011 | D:4      | Reached skill level 1 in Translocations
  6793 | D:5      | Entered Level 5 of the Dungeon
  7246 | D:5      | Reached skill level 1 in Shields
  7246 | D:5      | Reached skill level 5 in Spellcasting
  7261 | D:5      | Reached XP level 7. HP: 15/68 MP: 3/14
  7430 | D:5      | Reached skill level 4 in Fighting
 10189 | D:6      | Found a sacrificial altar of Ru.
 11387 | D:6      | Reached skill level 1 in Fire Magic
 11433 | D:6      | Found Zaremaeg's General Store.
 11495 | D:6      | Found a staircase to the Ecumenical Temple.
 11555 | D:6      | Reached XP level 8. HP: 70/79 MP: 9/16
 11653 | Temple   | Entered the Ecumenical Temple
 11727 | Temple   | Became a worshipper of Sif Muna the Loreminder
 12019 | D:6      | Reached skill level 5 in Fighting
 12152 | D:6      | Found a basalt altar of Yredelemnul.
 12693 | D:7      | Reached skill level 1 in Invocations
 12866 | D:7      | Found a flagged portal.
 13664 | D:7      | Found a transporter.
 14071 | D:7      | Found a stormy altar of Qazlal.
 14173 | D:7      | Found a sparkling altar of Nemelex Xobeh.
 14362 | D:7      | Reached skill level 6 in Fighting
 14732 | D:4      | Reached XP level 9. HP: 89/89 MP: 5/18
 16617 | D:8      | Identified a scroll of acquirement
 16621 | D:8      | Found the +2 robe of Vines {NoPotionHeal Regen+7}
 17083 | D:8      | Found a glowing silver altar of Zin.
 17178 | D:8      | Noticed a troll
 17359 | D:8      | Killed a troll
 17359 | D:8      | Reached * piety under Sif Muna
 17359 | D:8      | Reached skill level 7 in Fighting
 17359 | D:8      | Reached skill level 5 in Conjurations
 17688 | D:9      | Found Ogotum's Gadget Shop.
 17693 | D:9      | Noticed a troll
 17723 | D:9      | Killed a troll
 17863 | D:9      | Noticed a troll
 18387 | D:9      | Found a runed translucent gate.
 18387 | D:9      | Found a runed translucent gate.
 18388 | D:9      | Found a runed translucent gate.
 18558 | D:9      | Found a staircase to the Orcish Mines.
 18953 | D:9      | Reached XP level 10. HP: 104/104 MP: 11/21
 19055 | D:9      | Found an iron altar of Okawaru.
 19182 | D:9      | Found a burning altar of Makhleb.
 19185 | D:9      | Reached skill level 8 in Fighting
 19404 | D:9      | Reached skill level 5 in Shields
 19625 | D:9      | Noticed u8823's ghost (novice OpBe)
 19625 | D:9      | Identified the +4 chain mail of the Thunderstorm {rElec
                  | Dex+3}
 19627 | D:9      | Identified the cursed +0 leather armour "Sihaz" {MR+
                  | Slay+5}
 19628 | D:9      | Found a roughly hewn altar of Beogh.
 19645 | D:9      | Learned a level 2 spell: Passwall
 19713 | D:10     | Entered Level 10 of the Dungeon
 19988 | D:10     | Reached ** piety under Sif Muna
 20206 | Orc:1    | Entered Level 1 of the Orcish Mines
 20407 | D:9      | Reached skill level 1 in Transmutations
 21170 | D:10     | Found a staircase to the Lair.
 21198 | D:10     | Noticed a two-headed ogre
 21210 | D:10     | Killed a two-headed ogre
 22015 | D:10     | Reached skill level 9 in Fighting
 22242 | D:10     | Found a runed translucent gate.
 22243 | D:10     | Found a runed translucent gate.
 22244 | D:10     | Found a runed translucent gate.
 22251 | D:10     | Noticed a kobold demonologist
 22251 | D:10     | Noticed Banto's ghost (novice DgWn)
 22251 | D:10     | Noticed a kobold demonologist
 22252 | D:10     | Identified the cursed +0 whip of Internal Strife {chaos,
                  | Stlth+}
 22950 | D:10     | Noticed an orc knight
 23007 | D:10     | Killed an orc knight
 23107 | D:10     | Reached XP level 11. HP: 115/115 MP: 2/24
 23490 | D:11     | Noticed a purple ugly thing
 23553 | D:11     | Noticed a four-headed hydra
 23566 | D:11     | Killed a four-headed hydra
 23566 | D:11     | Reached *** piety under Sif Muna
 23607 | D:11     | Noticed a cyclops
 23935 | Lair:1   | Entered Level 1 of the Lair of Beasts
 23935 | Lair:1   | Noticed Sonja
 24034 | Orc:1    | Noticed an orc knight
 24627 | Orc:1    | Noticed Snorg
 24822 | D:11     | Learned a level 4 spell: Summon Lightning Spire
 24838 | D:11     | Noticed a cyclops
 24866 | D:11     | Killed a cyclops
 25099 | D:11     | Reached skill level 10 in Fighting
 25294 | D:11     | Noticed a two-headed ogre
 25315 | D:11     | Killed a two-headed ogre
 25424 | D:11     | Noticed a manticore
 25436 | D:11     | Killed a manticore
 25596 | D:11     | Killed a cyclops
 26106 | D:11     | Noticed a purple ugly thing
 26121 | D:11     | Killed a purple ugly thing
 26126 | D:11     | Killed a purple ugly thing
 26126 | D:11     | Reached skill level 10 in Spellcasting
 26251 | D:11     | Reached **** piety under Sif Muna
 27058 | D:12     | Noticed a cyclops
 27106 | D:12     | Killed a cyclops
 27106 | D:12     | Reached skill level 1 in Air Magic
 27106 | D:12     | Reached XP level 12. HP: 128/128 MP: 16/26
 27370 | D:12     | Reached skill level 11 in Fighting
 27800 | D:12     | Noticed a five-headed hydra
 27817 | D:12     | Killed a five-headed hydra
 28258 | D:10     | Reached skill level 5 in Summonings
 29729 | D:13     | Noticed a two-headed ogre
 30653 | Lair:1   | Noticed Urug
 30695 | Lair:1   | Killed Urug
 31148 | Lair:2   | Noticed a seven-headed hydra
 31233 | Lair:2   | Found a frozen archway.
 31285 | IceCv    | Entered an ice cave
 32357 | Lair:2   | Reached skill level 12 in Fighting
 32357 | Lair:2   | Reached XP level 13. HP: 90/138 MP: 19/28
 32523 | Lair:2   | Reached ***** piety under Sif Muna
 32752 | Lair:2   | Found a staircase to the Swamp.
 32906 | Lair:2   | Identified Sif Muna's Handbook of Attacks (Sif Muna gifted
                  | it to you on level 2 of the Lair of Beasts)
 32906 | Lair:2   | Received a gift from Sif Muna
 32916 | Lair:2   | Learned a level 5 spell: Lightning Bolt
 34371 | Lair:4   | Found a staircase to the Snake Pit.
 34934 | Lair:4   | Reached skill level 5 in Invocations
 36265 | Lair:5   | Noticed Nessos
 36286 | Lair:4   | Killed Nessos
 38051 | Lair:6   | Entered Level 6 of the Lair of Beasts
 38603 | Lair:1   | Learned a level 3 spell: Mephitic Cloud
 38608 | Lair:1   | Learned a level 4 spell: Iskenderun's Mystic Blast
 38703 | D:9      | Reached skill level 5 in Air Magic
 38983 | Orc:1    | Killed Snorg
 39927 | Orc:1    | Found a roughly hewn altar of Beogh.
 40209 | Orc:1    | Noticed Fannar
 40221 | Orc:1    | Killed Fannar
 40221 | Orc:1    | Reached skill level 13 in Fighting
 40356 | Orc:1    | Found a runed translucent gate.
 40356 | Orc:1    | Found a runed translucent gate.
 40356 | Orc:1    | Found a runed translucent gate.
 40409 | Orc:1    | Noticed brim's ghost (journeyman DDFi)
 40635 | Orc:2    | Entered Level 2 of the Orcish Mines
 40648 | Orc:2    | Reached XP level 14. HP: 151/151 MP: 24/29
 40702 | Orc:2    | Found a staircase to the Elven Halls.
 40727 | Orc:2    | Noticed Josephine
 40729 | Orc:2    | Noticed a stone giant
 40856 | Orc:2    | Noticed Donald
 40871 | Orc:2    | Killed Donald
 40871 | Orc:2    | Reached skill level 1 in Axes
 41004 | Orc:2    | Identified Sif Muna's Disquisition on Arcane Weapons (Sif
                  | Muna gifted it to you on level 2 of the Orcish Mines)
 41004 | Orc:2    | Received a gift from Sif Muna
 41258 | Orc:2    | Killed a stone giant
 41537 | Orc:2    | Learned a level 3 spell: Call Canine Familiar
 41839 | Orc:2    | Killed Josephine
 42646 | Orc:2    | Found a roughly hewn altar of Beogh.
 43282 | Orc:2    | Reached skill level 10 in Conjurations
 44186 | Orc:2    | Found Wenlat's Antique Weapon Shoppe.
 44187 | Orc:2    | Found Ocousch's General Store.
 44187 | Orc:2    | Found Cava's Jewellery Emporium.
 44188 | Orc:2    | Found Beill's Antique Weapon Shoppe.
 44383 | D:7      | Found a transporter.
 44865 | D:9      | Killed u8823's ghost
 45897 | Lair:6   | Reached skill level 5 in Dodging
 46220 | Lair:6   | Reached skill level 14 in Fighting
 47200 | Lair:6   | Found a staircase to the Slime Pits.
 47377 | Lair:6   | Identified Sif Muna's Handbook of Supportive Curses (Sif
                  | Muna gifted it to you on level 6 of the Lair of Beasts)
 47377 | Lair:6   | Received a gift from Sif Muna
 47624 | Lair:6   | Learned a level 5 spell: Aura of Abjuration
 48441 | Lair:6   | Reached XP level 15. HP: 152/161 MP: 31/31
 48941 | D:10     | Killed Banto's ghost
 49216 | D:11     | Killed Sonja
 51282 | D:14     | Reached skill level 1 in Armour
 51824 | D:14     | Noticed Frances
 51835 | D:14     | Killed Frances
 52010 | D:14     | Found Kadoucwa's Blood Bar.
 52448 | D:14     | Found a gate to the Vaults.
 52564 | D:15     | Entered Level 15 of the Dungeon
 52578 | D:15     | Found Boezoum's Magic Scroll Emporium.
 52704 | D:15     | Found Popehex's Gadget Boutique.
 53451 | D:15     | Found Womeh's Magic Scroll Shop.
 53452 | D:15     | Noticed Agnes
 53462 | D:15     | Killed Agnes
 53716 | D:15     | Reached skill level 15 in Fighting
 54105 | D:15     | Bought a scroll of identify for 28 gold pieces
 54105 | D:15     | Bought a scroll of identify for 28 gold pieces
 54105 | D:15     | Bought a scroll of magic mapping for 49 gold pieces
 54105 | D:15     | Bought a scroll of identify for 28 gold pieces
 54105 | D:15     | Bought 2 scrolls of identify for 56 gold pieces
 54105 | D:15     | Bought a scroll of identify for 28 gold pieces
 54121 | D:15     | Bought a scroll of teleportation for 45 gold pieces
 54121 | D:15     | Bought a scroll of identify for 30 gold pieces
 54121 | D:15     | Bought a scroll of fear for 52 gold pieces
 54121 | D:15     | Bought a scroll of magic mapping for 52 gold pieces
 54121 | D:15     | Bought a scroll of summoning for 142 gold pieces
 54121 | D:15     | Bought a scroll of teleportation for 45 gold pieces
 54121 | D:15     | Bought a scroll of fear for 52 gold pieces
 54121 | D:15     | Bought a scroll of fear for 52 gold pieces
 54688 | D:15     | Found Guas's Magic Scroll Emporium.
 54691 | D:15     | Bought a scroll of fear for 70 gold pieces
 54691 | D:15     | Bought a scroll of teleportation for 60 gold pieces
 55277 | D:15     | Found a staircase to the Depths.
 55737 | D:15     | Identified Sif Muna's Disquisition on the Aerial Arsonist
                  | (Sif Muna gifted it to you on level 15 of the Dungeon)
 55737 | D:15     | Received a gift from Sif Muna
 55850 | D:15     | Learned a level 4 spell: Airstrike
 56073 | Orc:1    | Killed brim's ghost
 56410 | Snake:1  | Entered Level 1 of the Snake Pit
 56668 | Snake:1  | Reached XP level 16. HP: 173/174 MP: 33/33
 57678 | Snake:1  | Found Mihixt's Weapon Shop.
 57679 | Snake:1  | Found Fynega's Food Shop.
 57679 | Snake:1  | Found Bostaceg's Weapon Boutique.
 57682 | Snake:1  | Found Biokhug's Distillery.
 57697 | Snake:1  | Bought a potion of curing for 36 gold pieces
 57697 | Snake:1  | Bought a potion of cancellation for 96 gold pieces
 57697 | Snake:1  | Bought 2 potions of curing for 72 gold pieces
 57697 | Snake:1  | Bought a potion of curing for 36 gold pieces
 57697 | Snake:1  | Bought a potion of curing for 36 gold pieces
 57697 | Snake:1  | Bought a potion of agility for 48 gold pieces
 57697 | Snake:1  | Bought a potion of curing for 36 gold pieces
 58924 | Snake:2  | Found Xeblev's Assorted Antiques.
 58933 | Snake:2  | Bought a scroll of fear for 112 gold pieces
 58933 | Snake:2  | Bought a potion of haste for 320 gold pieces
 58939 | Snake:2  | Bought a marble ring for 160 gold pieces
 58939 | Snake:2  | Bought a peridot ring for 160 gold pieces
 59378 | Snake:2  | Noticed Vashnia
 59480 | Snake:2  | Killed Vashnia
 59910 | Snake:2  | Noticed a nagaraja
 59919 | Snake:2  | Killed a nagaraja
 60187 | Snake:3  | Noticed a nagaraja
 60195 | Snake:3  | Killed a nagaraja
 60695 | Snake:3  | Noticed a nagaraja
 60718 | Snake:3  | Killed a nagaraja
 60763 | Snake:3  | Reached skill level 16 in Fighting
 61290 | Snake:3  | Identified Sif Muna's Disquisition on Arcane Weapons (Sif
                  | Muna gifted it to you on level 3 of the Snake Pit)
 61290 | Snake:3  | Received a gift from Sif Muna
 61326 | Snake:3  | Reached skill level 10 in Invocations
 61491 | Snake:3  | Learned a level 4 spell: Sticky Flame
 61630 | Snake:3  | Noticed a nagaraja
 61641 | Snake:3  | Killed a nagaraja
 61807 | Snake:4  | Entered Level 4 of the Snake Pit
 62169 | Snake:4  | Noticed Aizul
 62180 | Snake:4  | Killed Aizul
 62524 | Snake:4  | Found a basalt altar of Yredelemnul.
 62693 | Snake:4  | Noticed a nagaraja
 62708 | Snake:4  | Killed a nagaraja
 62708 | Snake:4  | Reached skill level 10 in Shields
 62895 | Snake:4  | Noticed a nagaraja
 63129 | Snake:4  | Noticed a nagaraja
 63129 | Snake:4  | Noticed a nagaraja
 63141 | Snake:4  | Killed a nagaraja
 63143 | Snake:4  | Killed a nagaraja
 63295 | Snake:4  | Noticed a nagaraja
 63300 | Snake:4  | Noticed a nagaraja
 63302 | Snake:4  | Killed a nagaraja
 63302 | Snake:4  | Reached XP level 17. HP: 169/186 MP: 19/35
 64612 | Snake:4  | Reached skill level 15 in Spellcasting
 64807 | Snake:4  | Got a serpentine rune of Zot
 65141 | Swamp:1  | Entered Level 1 of the Swamp
 65553 | Swamp:1  | Reached skill level 1 in Poison Magic
 65961 | Swamp:1  | Paralysed by a hornet for 1 turns
 65979 | Swamp:1  | Identified Sif Muna's Arcane Arts, Part Five (Sif Muna
                  | gifted it to you on level 1 of the Swamp)
 65979 | Swamp:1  | Received a gift from Sif Muna
 65979 | Swamp:1  | Reached skill level 17 in Fighting
 65979 | Swamp:1  | Reached skill level 1 in Evocations
 66173 | Swamp:1  | Got a fine ivory ring
 66175 | Swamp:1  | Identified the ring of Bidoos {MR+ EV+3 Int-5 Stlth+} (You
                  | acquired it on level 1 of the Swamp)
 70198 | Swamp:4  | Entered Level 4 of the Swamp
 70892 | Swamp:4  | Identified Sif Muna's Compendium of Aerial Talismans (Sif
                  | Muna gifted it to you on level 4 of the Swamp)
 70892 | Swamp:4  | Received a gift from Sif Muna
 71205 | Swamp:4  | Reached XP level 18. HP: 111/199 MP: 31/37
 71500 | Swamp:4  | Reached skill level 5 in Poison Magic
 73912 | Vaults:1 | Entered Level 1 of the Vaults
 74247 | Vaults:1 | Noticed Asterion
 74453 | D:14     | Learned a level 7 spell: Orb of Destruction
 74460 | D:14     | Learned a level 5 spell: Bolt of Draining
 74491 | D:14     | Learned a level 6 spell: Poison Arrow
 74650 | D:14     | Killed Asterion
 74992 | Vaults:1 | Learned a level 1 spell: Magic Dart
 75271 | Vaults:1 | Found Otesix's Antique Weapon Shop.
 75841 | Vaults:1 | Identified Wavomn's Compendium of Frigorific Attacks (Sif
                  | Muna gifted it to you on level 1 of the Vaults)
 75841 | Vaults:1 | Received a gift from Sif Muna
 76080 | Vaults:1 | Reached skill level 18 in Fighting
 76477 | Vaults:1 | Reached skill level 1 in Necromancy
 78440 | Vaults:2 | Reached XP level 19. HP: 209/209 MP: 12/39
 78728 | Vaults:2 | Received a gift from Sif Muna
 80822 | Vaults:1 | Noticed a caustic shrike
 80829 | Vaults:1 | Killed a caustic shrike
 81051 | Vaults:2 | Identified Zauzujor's Compendium of Intoxication (Sif Muna
                  | gifted it to you on level 2 of the Vaults)
 81051 | Vaults:2 | Received a gift from Sif Muna
 81516 | Vaults:2 | Paralysed by an ogre mage for 5 turns
 82337 | Vaults:3 | Noticed Margery
 82367 | Vaults:3 | Killed Margery
 82630 | Vaults:3 | Reached skill level 19 in Fighting
 82728 | Vaults:3 | Reached skill level 5 in Necromancy
 83473 | Vaults:3 | Found a staircase to the Crypt.
 83473 | Vaults:3 | Found an ancient bone altar of Kikubaaqudgha.
 83474 | Vaults:3 | Found a basalt altar of Yredelemnul.
 83516 | Vaults:3 | Reached XP level 20. HP: 162/224 MP: 15/41
 84269 | Vaults:3 | Identified Sif Muna's Second Course in Witchery (Sif Muna
                  | gifted it to you on level 3 of the Vaults)
 84269 | Vaults:3 | Received a gift from Sif Muna
 85966 | D:6      | Bought a potion of curing for 39 gold pieces
 85966 | D:6      | Bought a scroll of fear for 45 gold pieces
 85966 | D:6      | Bought a scroll of teleportation for 39 gold pieces
 86539 | Swamp:4  | Got a decaying rune of Zot
 86926 | Orc:2    | Bought an uncursed ring of protection from magic for 400
                  | gold pieces
 87025 | Elf:1    | Entered Level 1 of the Elven Halls
 87808 | Elf:1    | Identified the Reference Book on Necromancy
 87818 | Elf:1    | Learned a level 7 spell: Spellforged Servitor
 87852 | Elf:1    | Reached skill level 15 in Conjurations
 88691 | Elf:1    | Found a large runed translucent door.
 88693 | Elf:1    | Found a large runed translucent door.
 88696 | Elf:1    | Noticed Amplified's ghost (journeyman GrIE)
 89795 | Elf:2    | Found Exezicext's Weapon Emporium.
 90436 | Elf:2    | Found Ceqaig's Food Shop.
 91884 | Elf:2    | Found a runed translucent gate.
 91884 | Elf:2    | Found a runed translucent gate.
 91884 | Elf:2    | Found a runed translucent gate.
 91896 | Elf:2    | Noticed Azrael
 91899 | Elf:2    | Killed Azrael
 92436 | Elf:2    | Reached XP level 21. HP: 192/232 MP: 35/42
 92833 | Elf:2    | Reached skill level 15 in Shields
 93136 | Elf:2    | Received a gift from Sif Muna
 93209 | Elf:3    | Entered Level 3 of the Elven Halls
 94564 | Elf:3    | Identified the ring "Ruelun" {+Fly rC+}
 94767 | Elf:3    | Identified the cursed +1 great sword "Lunidwa" {slice,
                  | rPois rN+ Str+3 Int-5}
 94767 | Elf:3    | Identified the amulet "Ufrorerche" {Fragile +Rage rN++ MR+
                  | Int+4}
 94839 | Elf:3    | Identified the +5 dagger "Piukkakk" {distort, Dex+7}
 95148 | Elf:3    | Identified the +0 leather armour "Puef" {*Slow rPois rF+
                  | Int+2}
 95526 | Elf:3    | Identified the Tome of Destructive Displacement
 95639 | Elf:3    | Found a runed translucent door.
 95640 | Elf:3    | Noticed Gargoyl's ghost (adept CeAK)
 96810 | Lair:2   | Learned a level 6 spell: Freezing Cloud
 96963 | Slime:1  | Entered Level 1 of the Pits of Slime
 97167 | Lair:6   | Reached skill level 1 in Ice Magic
 97432 | Slime:2  | You fall through a shaft!
 97454 | Slime:2  | Gained mutation: Your body sometimes deteriorates upon
                  | taking damage. [a shining eye]
 97456 | Slime:2  | Gained mutation: Scrolls take you a little longer to read.
                  | [a shining eye]
 97458 | Slime:2  | HP: 8/236 [azure jelly (6)]
 97486 | Lair:6   | Lost mutation: Scrolls take you a little longer to read.
                  | [potion of mutation]
 97486 | Lair:6   | Gained mutation: You are resistant to electric shocks.
                  | (rElec) [potion of mutation]
 97486 | Lair:6   | Gained mutation: You are surrounded by a mild repulsion
                  | field. (EV +2) [potion of mutation]
 98589 | Vaults:4 | Identified Sif Muna's Guide on the Oath (Sif Muna gifted it
                  | to you on level 4 of the Vaults)
 98589 | Vaults:4 | Received a gift from Sif Muna
 98995 | Vaults:4 | Got a coiled jade ring
 98997 | Vaults:4 | Identified the ring of Greed {rElec rF++ rC+ Int-3 SInv}
                  | (You found it on level 4 of the Vaults)
 99923 | Depths:1 | Entered Level 1 of the Depths
100538 | Depths:1 | Reached skill level 20 in Fighting
100943 | Depths:1 | Reached XP level 22. HP: 145/247 MP: 0/43
102195 | Depths:1 | Found a gateway to Hell.
102414 | Depths:1 | Identified Sif Muna's Catalogue of Conjuration (Sif Muna
                  | gifted it to you on level 1 of the Depths)
102414 | Depths:1 | Received a gift from Sif Muna
104076 | Depths:2 | Found a runed translucent door.
104902 | Depths:2 | Identified the amulet of Ishruqay {Reflect Str+4 Dex+2
                  | SH+3}
104933 | Depths:2 | Noticed a caustic shrike
104933 | Depths:2 | Identified the +8 hand crossbow "Daises" {velocity, rElec
                  | rPois rC- Stlth+}
104956 | Depths:2 | Reached skill level 5 in Ice Magic
106370 | Depths:3 | Identified the +8 faerie dragon scales {rCorr Slay+2}
106370 | Depths:3 | Noticed the Enchantress
106383 | Depths:3 | Killed the Enchantress
106383 | Depths:3 | Identified Niheq's Almanac of Fiery Calling (Sif Muna
                  | gifted it to you on level 3 of the Depths)
106383 | Depths:3 | Received a gift from Sif Muna
106560 | Depths:3 | Found a one-way gate leading to the halls of Pandemonium.
107332 | Depths:3 | You fall through a shaft for 2 floors!
107332 | Depths:5 | Entered Level 5 of the Depths
107793 | Depths:5 | Cast into level 2 of the Abyss (a deep elf sorcerer)
107793 | Abyss:2  | Found a corrupted altar of Lugonu.
107912 | Depths:5 | Escaped the Abyss
108125 | Depths:5 | Reached skill level 21 in Fighting
108227 | Depths:4 | Reached XP level 23. HP: 260/260 MP: 44/45
108533 | Depths:4 | Found a corrupted altar of Lugonu.
108549 | Depths:4 | Found a corrupted altar of Lugonu.
108549 | Depths:4 | Found a one-way gate to the infinite horrors of the Abyss.
108557 | Depths:4 | Found Ziggo's Armour Emporium.
108558 | Depths:4 | Found Aloess's General Store.
108558 | Depths:4 | Found Gottyig's Book Emporium.
108561 | Depths:4 | Found Pomuloing's Book Emporium.
108847 | Depths:4 | Bought a lamp of fire for 840 gold pieces
108847 | Depths:4 | Bought a potion of magic for 168 gold pieces
108847 | Depths:4 | Bought a scroll of teleportation for 63 gold pieces
108856 | Depths:4 | Bought a manual of Armour for 1656 gold pieces
109582 | Depths:3 | Identified the +3 hand axe of Beogh's Anger {flame, *Contam
                  | rN+ Dex+7 SInv}
109582 | Depths:3 | Identified the +3 hand axe of Beogh's Anger {flame, *Contam
                  | rN+ Dex+7 SInv}
109877 | Depths:3 | Identified the amulet "Githatho" {Reflect +Fly MP+9 Str-4
                  | Dex+8 SH+4}
110400 | Depths:4 | Found a gateway to a ziggurat.
111089 | Depths:4 | Reached skill level 5 in Armour
111557 | Depths:4 | Noticed a juggernaut
111568 | Depths:4 | Killed a juggernaut
111632 | Depths:4 | Got a sparkling golden ring
111645 | Depths:4 | Identified the ring "Hier" {rElec rF+} (You found it on
                  | level 4 of the Depths)
112068 | Vaults:5 | Entered Level 5 of the Vaults
113097 | Vaults:5 | Identified the +4 rapier "Xubira" {pierce, Str+3}
113336 | Vaults:5 | Found the +4 skin of Zhor {Hibernate rC+++ SInv}
113844 | Vaults:5 | Identified the ring of Xom's Fair Game {+Fly Str+7}
114221 | Vaults:5 | Received a gift from Sif Muna
114279 | Vaults:5 | Reached skill level 22 in Fighting
114491 | Vaults:5 | Reached XP level 24. HP: 273/273 MP: 46/46
115332 | Vaults:5 | Got a silver rune of Zot
115561 | Vaults:5 | Found Jonnoq's Book Shoppe.
116322 | Vaults:5 | Identified the ring of Jeenug {AC+2 Slay+3}
117171 | Vaults:5 | Identified Boas's Almanac of Boosts
117872 | D:9      | Bought a wand of clouds (7) for 462 gold pieces
117872 | D:9      | Bought a wand of acid (9) for 364 gold pieces
118327 | Depths:5 | Identified the +1 demon blade of Desertification {vamp,
                  | rElec MR+ Str+3}
118555 | Depths:5 | Reached skill level 10 in Armour
119248 | Depths:5 | Identified Sif Muna's Grimoire of Moulding and Battle Magic
                  | (Sif Muna gifted it to you on level 5 of the Depths)
119248 | Depths:5 | Received a gift from Sif Muna
120047 | Depths:5 | Found a gate to the Realm of Zot.
120914 | Zot:1    | Entered Level 1 of the Realm of Zot
121017 | Zot:1    | Reached skill level 23 in Fighting
121129 | Zot:1    | Reached XP level 25. HP: 250/287 MP: 28/47
121397 | Zot:1    | Found a transporter.
121621 | Zot:1    | Found a transporter.
124446 | Zot:2    | Identified Sif Muna's Volume of the Torrid Rocks (Sif Muna
                  | gifted it to you on level 2 of the Realm of Zot)
124446 | Zot:2    | Received a gift from Sif Muna
125733 | Zot:2    | Learned a level 3 spell: Regeneration
125735 | Zot:2    | Learned a level 1 spell: Summon Butterflies
127364 | Zot:3    | Reached skill level 10 in Dodging
127682 | Zot:3    | Reached XP level 26. HP: 275/300 MP: 33/48
127973 | Zot:3    | Reached skill level 24 in Fighting
129797 | Zot:4    | Noticed a Killer Klown
129833 | Zot:4    | Killed a Killer Klown
129833 | Zot:4    | Reached skill level 15 in Invocations
130144 | Zot:4    | Learned a level 5 spell: Aura of Abjuration
130515 | Zot:4    | Reached skill level 25 in Fighting
132010 | Zot:5    | Entered Level 5 of the Realm of Zot
132044 | Zot:5    | Noticed a Killer Klown
132062 | Zot:5    | Killed a Killer Klown
132262 | Zot:5    | Reached skill level 26 in Fighting
132984 | Zot:5    | Noticed an ancient lich
132997 | Zot:5    | Noticed an ancient lich
133003 | Zot:5    | Noticed an orb of fire
133014 | Zot:5    | Noticed a Killer Klown
133014 | Zot:5    | Noticed a Killer Klown
133015 | Zot:5    | Noticed an orb of fire
133015 | Zot:5    | Noticed an orb of fire
133017 | Zot:5    | Noticed an orb of fire
133017 | Zot:5    | Noticed a Killer Klown
133017 | Zot:5    | Noticed an ancient lich
133017 | Zot:5    | Noticed an ancient lich
133018 | Zot:5    | Noticed a Killer Klown
133020 | Zot:5    | Gained mutation: Armour fits poorly on your strangely
                  | shaped body. [an orb of fire]
133021 | Zot:5    | Noticed an orb of fire
133023 | Zot:5    | Noticed an orb of fire
133023 | Zot:5    | Killed from afar by a white draconian stormcaller

Skill      XL: |  1  2  3  4  5  6  7  8  9 10 11 12 13 14 15 16 17 18 19 20 21 22 23 24 25 26 |
---------------+-------------------------------------------------------------------------------+-----
Conjurations   | 1 2 3 4 5 6 7 8 9 10 11 12 13 14 15 16 17 18 19 | 19.0
Dodging        | 2 3 5 6 7 9 10 | 10.0
Fighting       | 1 2 3 4 6 7 9 10 12 13 14 15 16 17 18 19 20 21 22 23 26 | 26.6
Spellcasting   | 4 5 6 7 9 10 11 12 13 14 15 16 17 18 19 20 21 | 21.0
Summonings     | 1 2 3 4 5 6 7 8 |  8.0
Translocations | 1 2 |  2.1
Shields        | 1 2 3 4 6 7 8 9 10 11 12 14 15 | 15.0
Fire Magic     | 1 2 |  2.0
Invocations    | 3 4 6 7 8 10 12 13 14 15 | 15.0
Transmutations | 3 |  3.0
Air Magic      | 1 3 5 |  5.0
Axes           | 1 |  1.9
Armour         | 3 8 11 12 | 12.3
Poison Magic   | 4 7 |  7.0
Evocations     | 2 4 |  4.1
Necromancy     | 2 5 |  5.0
Ice Magic      | 3 5 |  5.0
Maces & Flails | |  0.5
Stealth        | |  1.4

Action                   |  1- 3 |  4- 6 |  7- 9 | 10-12 | 13-15 | 16-18 | 19-21 | 22-24 | 25-27 || total
-------------------------+-------+-------+-------+-------+-------+-------+-------+-------+-------++-------
Melee: Unarmed           |     1 |       |       |       |       |       |       |       |       ||     1
       Dagger            |    41 |    41 |    17 |       |       |       |       |       |       ||    99
       Mace              |       |       |    93 |   328 |   152 |       |       |       |       ||   573
       Short sword       |       |       |       |    91 |       |       |       |       |       ||    91
       Long sword        |       |       |       |    58 |       |       |       |       |       ||    58
       Broad axe         |       |       |       |       |    61 |       |       |       |       ||    61
       Staff             |       |       |       |       |   122 |   165 |   105 |   120 |    28 ||   540
Throw: Large rock        |       |       |       |     7 |       |     1 |       |       |       ||     8
 Cast: Magic Dart        |    97 |   160 |   384 |   754 |   696 |   370 |    23 |       |       ||  2484
       Call Imp          |     6 |    42 |   155 |   262 |    55 |       |       |       |       ||   520
       Conjure Flame     |       |       |    10 |    31 |     8 |     8 |     1 |       |       ||    58
       Blink             |       |       |       |    19 |    11 |     2 |     1 |       |     6 ||    39
       Summon Lightning  |       |       |       |     4 |   200 |   229 |   143 |    50 |       ||   626
       Lightning Bolt    |       |       |       |       |   173 |    78 |       |       |       ||   251
       Iskenderun's Myst |       |       |       |       |   162 |   256 |   109 |    83 |    12 ||   622
       Mephitic Cloud    |       |       |       |       |     6 |    11 |    91 |     9 |       ||   117
       Call Canine Famil |       |       |       |       |    10 |    55 |       |       |       ||    65
       Airstrike         |       |       |       |       |     3 |   105 |       |       |       ||   108
       Sticky Flame      |       |       |       |       |       |   154 |   104 |    73 |    14 ||   345
       Bolt of Draining  |       |       |       |       |       |    59 |   402 |   577 |   273 ||  1311
       Poison Arrow      |       |       |       |       |       |    13 |    40 |    38 |    44 ||   135
       Orb of Destructio |       |       |       |       |       |     2 |    70 |    80 |   106 ||   258
       Aura of Abjuratio |       |       |       |       |       |     1 |       |       |       ||     1
       Spellforged Servi |       |       |       |       |       |       |     6 |    28 |    15 ||    49
       Freezing Cloud    |       |       |       |       |       |       |     3 |    34 |    38 ||    75
       Passwall          |       |       |       |       |       |       |       |     1 |       ||     1
       Regeneration      |       |       |       |       |       |       |       |       |     2 ||     2
Invok: Divine Energy     |       |       |       |     1 |       |       |       |       |       ||     1
       Channel Magic     |       |       |       |       |       |     1 |     2 |     1 |     2 ||     6
       Forget Spell      |       |       |       |       |       |     1 |       |       |       ||     1
Evoke: Wand              |       |       |       |     6 |     2 |     5 |     3 |     2 |     2 ||    20
       Lightning rod     |       |       |       |       |     4 |       |       |       |       ||     4
  Use: Scroll            |     4 |     9 |    14 |    10 |    12 |    22 |    10 |    16 |    11 ||   108
       Potion            |       |       |     5 |     2 |       |     3 |     3 |     1 |     5 ||    19
 Stab: Sleeping          |       |     1 |     2 |       |       |       |       |       |       ||     3
       Distracted        |       |       |     2 |    11 |     4 |     3 |     1 |       |       ||    21
  Eat: Chunk             |     6 |    12 |    27 |    29 |    93 |    42 |    49 |    60 |    20 ||   338
       Ration            |       |       |     3 |     4 |     3 |     7 |    11 |     7 |     7 ||    42
Armor: Robe              |    21 |    20 |   119 |   355 |   163 |    98 |    32 |     7 |       ||   815
       Acid dragon scale |       |       |       |       |       |       |       |    76 |   103 ||   179
Dodge: Dodged            |    50 |    76 |   214 |   469 |   388 |   322 |   173 |   189 |    88 ||  1969
Block: Shield            |       |       |    47 |   596 |   477 |   416 |   140 |       |       ||  1676
       Large shield      |       |       |       |       |       |       |   224 |   489 |   300 ||  1013
       Reflection        |       |       |       |       |       |       |       |    43 |       ||    43
